 Dungeon Crawl Stone Soup version 0.28.0-45-g0d030f2227 (webtiles) character file.

Game seed: 10048748145397904414

8 GigaChad the Slasher (level 2, -1/26 HPs)
             Began as a Minotaur Chaos Knight on Apr 21, 2022.
             Was a Plaything of Xom.
             Slain by a kobold
             ... wielding a +0 short sword
              (5 damage)
             ... on level 1 of the Dungeon.
             The game lasted 00:00:30 (104 turns).

GigaChad the Slasher (Minotaur Chaos Knight)         Turns: 104, Time: 00:00:31

Health: -1/26      AC:  5    Str: 16    XL:     2   Next: 0%
Magic:  1/1        EV: 11    Int:  9    God:    Xom [..*...]
Gold:   0          SH:  0    Dex:  9    Spells: 1/1 levels left

rFire   . . .      SeeInvis .   a - +0 falchion (chaos)
rCold   . . .      Faith    .   (no shield)
rNeg    . . .      Spirit   .   b - +2 leather armour
rPois   .          Reflect  .   (helmet restricted)
rElec   .          Harm     .   (no cloak)
rCorr   .          Rampage  .   (no gloves)
Will    .....                   (no boots)
Stlth   +.........              (no amulet)
HPRegen 0.08/turn               (no ring)
MPRegen 0.07/turn               (no ring)

@: no status effects
A: horns 2, retaliatory headbutt
a: Renounce Religion


You were on level 1 of the Dungeon.
You worshipped Xom.
You were a toy of Xom.
You visited 1 branch of the dungeon, and saw 1 of its levels.

Inventory:

Hand Weapons
 a - a +0 falchion of chaos (weapon)
Armour
 b - a +2 leather armour (worn)


   Skills:
 + Level 3.6 Fighting
 + Level 4.2 Long Blades
 + Level 2.6 Armour
 + Level 1.1 Dodging


You had one spell level left.
You didn't know any spells.
Your spell library was empty.

Dungeon Overview and Level Annotations

Branches:
Dungeon (1/15)

Altars:


Innate Abilities, Weirdness & Mutations

You have a pair of horns on your head.
You reflexively headbutt those who attack you in melee.


Message History

You open the door.
A kobold comes into view. It is wielding a +0 short sword.
The kobold shouts!
A hobgoblin comes into view.
There is an open door here.
An endoplasm comes into view.
The hobgoblin shouts!
The endoplasm quivers.
A giant cockroach comes into view.
A bat comes into view.
The hobgoblin barely misses you.
The kobold hits you with a +0 short sword.
The bat moves out of view.
You barely miss the kobold. The hobgoblin hits you.
The kobold barely misses you.
You barely miss the kobold. The hobgoblin hits you.
The endoplasm closely misses you. You furiously retaliate!
You headbutt the endoplasm.
The kobold hits you with a +0 short sword.
You closely miss the kobold.
The hobgoblin hits you but does no damage.
The endoplasm hits you.
The kobold hits you with a +0 short sword.
* * * LOW HITPOINT WARNING * * *
You hit the kobold. You burn the kobold.
The kobold is heavily wounded.
The hobgoblin misses you. You furiously retaliate!
You headbutt the hobgoblin. The endoplasm barely misses you.
You furiously retaliate!
You headbutt the endoplasm.
You kill the endoplasm!
The kobold completely misses you. The hobgoblin closely misses you.
The giant cockroach closely misses you.
You hit the giant cockroach.
Lightning courses through the giant cockroach!
You kill the giant cockroach!
You have reached level 2!
You closely miss the kobold.
The kobold is heavily wounded.
The kobold hits you with a +0 short sword.
You die...

# ## .#. #
####.....#.#.### .
.........+ ..... #
#.......#+#..## #
##............. #
#.......#...#.# #
#.......#...+@#
####.......#...#K#######
'..).......'....g.......
####.......#.........###
# +.......+.........# #
#.......###.......# #
######### #.......# #
#.......# #.......#


You could see a hobgoblin and a kobold.

Vanquished Creatures
  2 endoplasms (D:1)
  A giant cockroach (D:1)
  A hobgoblin (D:1)
  A kobold (D:1)
  A quokka (D:1)
6 creatures vanquished.

Notes
Turn   | Place    | Note
-------+----------+-------------------------------------------
     0 | D:1      | GigaChad the Minotaur Chaos Knight began the quest for the
                  | Orb.
     0 | D:1      | Reached XP level 1. HP: 19/19 MP: 0/0
    81 | D:1      | Reached skill level 4 in Long Blades
   104 | D:1      | Reached XP level 2. HP: 4/26 MP: 1/1
   104 | D:1      | Slain by a kobold

Illustrated notes

Levels and vault maps discovered:
D:1:      dpeg_arrival_erosion, layout_basic, serial_shops,
          nicolae_shop_competitors_out_of_business

Skill      XL: |  1 |
---------------+----+-----
Long Blades    | 4 |  4.2
Fighting       | |  3.6
Armour         | |  2.6
Dodging        | |  1.1

Action                   || total
-------------------------++-------
Melee: Falchion          ||    13
       Headbutt          ||     1
Armor: Leather armour    ||     1
Dodge: Dodged            ||    12
